Construct Section Command Post
Selects Air and Sea Battlegroup
Construct Platoon Command Post
Unlock Bishop Self-propelled Artillery
Selects Commando Section Paradrop
Selects Commando Support Section Paradrop
Bishop Self-propelled Artillery
6-pounder Anti-tank Gun Team
Bishop Self-propelled Artillery
Commando Support Section Paradrop
Construct Company Command Post
Selects Anti-tank Rocket Loiter
Unlock M3 Grant Medium Tanks
Commando Support Section Paradrop
Commando Section Paradrop
Selects Naval Bombardment
Commando Support Section Paradrop
Commando Support Section Paradrop
Commando Support Section Paradrop